 Dungeon Crawl Stone Soup version 0.31-a0-971-g75a2e9a4b4 (webtiles) character file.

Game seed: 10096246023906407147

945 zenocrate the Sneak (level 8, 0/38 HPs)
             Began as a Vine Stalker Enchanter on Oct 29, 2023.
             Was an Initiate of Dithmenos.
             Succumbed to Edmund's poison
             ... on level 6 of the Dungeon.
             The game lasted 00:05:08 (4307 turns).

zenocrate the Sneak (Vine Stalker Enchanter)        Turns: 4307, Time: 00:05:09

Health: 0/38       AC:  4    Str: 12    XL:     8   Next: 13%
Magic:  1/12       EV: 13    Int: 21    God:    Dithmenos [......]
Gold:   350        SH:  0    Dex: 16    Spells: 3/11 levels left

rFire   . . .        a - +1 dagger
rCold   . . .        (no shield)
rNeg    . . .        b - +0 robe
rPois   .            h - +0 helmet
rElec   .            (no cloak)
rCorr   .            m - +0 pair of gloves
SInv    .            (no boots)
Will    +....        (no amulet)
Stlth   +++          w - +6 ring of intelligence
HPRegen 1.06/turn    (no ring)
MPRegen 0.13/turn

%: guardian spirit
@: lethally poisoned (0 -> -20), invisible
A: fangs 3, regeneration 1, magic shield, antimagic bite, no potion heal 2
a: Renounce Religion


You were on level 6 of the Dungeon.
You worshipped Dithmenos.
Dithmenos was noncommittal.
You visited 2 branches of the dungeon, and saw 7 of its levels.

You collected 350 gold pieces.

Inventory:

Hand Weapons
 a - a +1 dagger (weapon)
Missiles
 y - a throwing net
Armour
 b - a +0 robe (worn)
 h - a +0 helmet (worn)
 m - a +0 pair of gloves (worn)
 p - a +0 buckler
 B - a +2 buckler
Jewellery
 w - a +6 ring of intelligence (left hand)
 C - the ring of Pessimism {+Blink rCorr EV+5 Int+2 Slay-6}
   (You found it on level 6 of the Dungeon)

   [ring of evasion]

   EV+5:      It affects your evasion (+5).
   Int+2:     It affects your intelligence (+2).
   Slay-6:    It affects your accuracy & damage with ranged weapons and melee
   (-6).
   +Blink:    It lets you blink.
   rCorr:     It protects you from acid and corrosion.
Wands
 s - a wand of polymorph (21)
Scrolls
 d - 2 scrolls of noise {unknown}
 e - a scroll of identify
 f - a scroll of amnesia {unknown}
 j - a scroll of poison {unknown}
 k - 2 scrolls of teleportation {unknown}
 l - a scroll of enchant weapon {unknown}
 n - a scroll of immolation {unknown}
 o - 2 scrolls of blinking {unknown}
 t - a scroll of enchant armour {unknown}
 A - a scroll of butterflies {unknown}
Potions
 c - a potion of invisibility
 g - 3 potions of haste
 i - a potion of attraction
 r - a potion of brilliance
 u - a potion of might {unknown}
 v - 2 potions of curing {unknown}
 x - 2 potions of ambrosia {unknown}
 z - a potion of resistance {unknown}


   Skills:
 + Level 1.7 Fighting
 + Level 3.6 Short Blades
 - Level 3.1 Dodging
 + Level 6.4 Stealth
 - Level 2.1 Spellcasting
 + Level 5.0 Hexes
 + Level 3.6 Ice Magic


You had 3 spell levels left.
You knew the following spells:

 Your Spells              Type           Power      Damage    Failure   Level
a - Ensorcelled Hibernat  Hex/Ice        40%        N/A       3%          2
b - Confusing Touch       Hex            23%        N/A       5%          3
c - Tukima's Dance        Hex            23%        N/A       5%          3

Your spell library contained the following spells:

 Spells                   Type           Power      Damage    Failure   Level
 Ozocubu's Armour         Ice            17%        N/A       10%         3
 Dazzling Flash           Conj/Hex       24%        N/A       16%         3
 Metabolic Englaciation   Hex/Ice        10%        N/A       56%         5
 Simulacrum               Ice/Necr       4%         N/A       100%        6


Dungeon Overview and Level Annotations

Branches:
Dungeon (6/15)             Temple (1/1) D:4

Altars:
Ashenzari
Cheibriados
Dithmenos
Fedhas
Kikubaaqudgha
Makhleb
Nemelex Xobeh
Okawaru
Qazlal
Ru
Sif Muna
Trog
Uskayaw
Vehumet
Wu Jian
Xom
Zin
The Shining One

Shops:
D:2 [:

Annotations:
D:6 Edmund, Sigmund


Innate Abilities, Weirdness & Mutations

You have razor-sharp teeth.
Your natural rate of healing is unusually fast.
When hurt, damage is shared between your health and your magic reserves.
Your bite disrupts and absorbs the magic of your enemies.
Potions cannot restore your health.


Message History

Casting: Ensorcelled Hibernation (safe; 3% risk of failure)
Confirm with . or Enter, or press ? or * to list all spells.
Aiming: Ensorcelled Hibernation (safe; 3% risk of failure)
Press: ? - help, Shift-Dir - straight line, f - jelly
Aim: a jelly (wandering, hasn't noticed you, chance to affect: 62%)
The jelly quivers.
The jelly resists with significant effort.
The jelly hits you.
You are splashed with acid!
You hit the jelly.
Your hands burn!
The jelly is lightly wounded.
The jelly closely misses you.
Edmund says, "I might not be good at magic, but I can still kill you!"
Casting: Ensorcelled Hibernation (safe; 3% risk of failure)
Confirm with . or Enter, or press ? or * to list all spells.
Aiming: Ensorcelled Hibernation (safe; 3% risk of failure)
Press: ? - help, Shift-Dir - straight line, f/p - jelly
Aim: a jelly (lightly wounded, chance to affect: 62%)
The jelly looks drowsy...
The helpless jelly fails to defend itself.
You stick the jelly like a pincushion!!!
You kill the jelly!
Dithmenos accepts your kill.
Casting: Ensorcelled Hibernation (safe; 3% risk of failure)
Confirm with . or Enter, or press ? or * to list all spells.
Aiming: Ensorcelled Hibernation (safe; 3% risk of failure)
Press: ? - help, Shift-Dir - straight line, f - Edmund
Aim: Edmund, wielding a +1 flail of venom and wearing a +0 chain mail (chance to affect: 52%) Edmund resists with significant effort.
Edmund hits you with a +1 flail of venom!
Sigmund hits you from afar with a +0 scythe of venom!
You are poisoned.
Okay, then.
You fade into invisibility!
You feel very sick.
Edmund hits you with a +1 flail of venom!
* * * LOW HITPOINT WARNING * * *
You are lethally poisoned!
Unknown command.
Okay, then.
You die...

###...#....#.# #..##
#....#..#..# #..#
#....###...# #..#
#...###....####..##
#..#..#............
#.#....#...####..##
#.#.....##.# #.##
#..........# #.#
#.@######..# #.# #.##
##.#####.#
#...@@...............#
#...###.....########.#
#.. .###..........# #.
.# ########.# # ..
.........# .#
########.# .# #.#


You could see Edmund (unable to see you) and Sigmund (unable to see you).

Vanquished Creatures
  A water moccasin (D:5)
  2 ogres
  A phantom (D:5)
  A bullfrog (D:6)
  4 scorpions
  A hound (D:4)
  2 jellies (D:6)
  An iguana (D:6)
  A sleepcap (D:5)
  8 adders
  2 ufetubi (D:6)
  3 worms
  A dart slug (D:2)
  2 orcs
  8 endoplasms
  3 giant cockroaches
  6 goblins
  9 hobgoblins
  3 jackals (D:1)
  2 kobolds (D:2)
  7 quokkas
  5 ball pythons
  7 bats
  4 frilled lizards
  7 rats
91 creatures vanquished.

Notes
Turn   | Place    | Note
-------+----------+-------------------------------------------
     0 | D:1      | zenocrate the Vine Stalker Enchanter began the quest for
                  | the Orb.
     0 | D:1      | Reached XP level 1. HP: 9/9 MP: 4/4
    80 | D:1      | Reached skill level 1 in Short Blades
   196 | D:1      | Reached XP level 2. HP: 11/13 MP: 4/6
   199 | D:1      | Learned a level 2 spell: Ensorcelled Hibernation
   260 | D:1      | Reached skill level 4 in Stealth
   409 | D:1      | Reached XP level 3. HP: 14/16 MP: 2/7
   621 | D:1      | Learned a level 3 spell: Confusing Touch
   805 | D:2      | Found Zyostruma's Antique Armour Boutique.
   893 | D:2      | Found a shimmering altar of Xom.
   943 | D:2      | Found Susudd's Book Boutique.
  1305 | D:2      | Found a faded altar of an unknown god.
  1687 | D:3      | Reached XP level 4. HP: 21/21 MP: 8/8
  1744 | D:3      | Reached skill level 1 in Ice Magic
  2095 | D:3      | Noticed a scorpion
  2104 | D:3      | Killed a scorpion
  2105 | D:3      | Reached XP level 5. HP: 24/24 MP: 2/9
  2109 | D:3      | Learned a level 3 spell: Tukima's Dance
  2490 | D:4      | Reached skill level 5 in Stealth
  2490 | D:4      | Reached XP level 6. HP: 26/28 MP: 4/10
  2621 | D:4      | Found a staircase to the Ecumenical Temple.
  2643 | Temple   | Entered the Ecumenical Temple
  2649 | Temple   | Became a worshipper of Dithmenos the Shadowed
  2999 | D:4      | Found an iron altar of Okawaru.
  3059 | D:5      | Entered Level 5 of the Dungeon
  3356 | D:5      | Noticed a water moccasin
  3364 | D:5      | Killed a water moccasin
  3365 | D:5      | Reached XP level 7. HP: 29/32 MP: 3/11
  3793 | D:6      | Reached skill level 6 in Stealth
  3911 | D:6      | Identified the ring of Pessimism {+Blink rCorr EV+5 Int+2
                  | Slay-6}
  3922 | D:6      | Reached skill level 1 in Fighting
  4096 | D:6      | Gained mutation: You have razor-sharp teeth. [Vine Stalker
                  | growth]
  4096 | D:6      | Reached XP level 8. HP: 37/37 MP: 7/12
  4238 | D:6      | Reached skill level 5 in Hexes
  4297 | D:6      | Noticed Edmund
  4300 | D:6      | Noticed Sigmund
  4307 | D:6      | Succumbed to Edmund's poison

Illustrated notes

Levels and vault maps discovered:
D:1:      matt_arrival_refuge, layout_rooms
D:2:      layout_basic, serial_shops, shop_fountains, shop,
          ebering_ecumenical_altar_ruins, basic_altar
D:3:      layout_basic
D:4:      layout_cave_pools, hellmonk_okawaru_the_only_friend_you_need,
          temple_statues, dreamdust_princess_corridor, corexii_leaking_fountain
D:5:      layout_loops_ring
D:6:      layout_loops_ring, minivault_4, minmay_misc_feat_chi, uniq_edmund,
          uniq_sigmund
Temple:   eino_temple_rhombus

Skill      XL: |  1  2  3  4  5  6  7  8 |
---------------+-------------------------+-----
Short Blades   | 1 2 3 |  3.6
Stealth        | 4 5 6 |  6.4
Dodging        | 2 3 |  3.1
Ice Magic      | 1 2 3 |  3.6
Hexes          | 4 5 |  5.0
Fighting       | 1 |  1.7
Spellcasting   | |  2.1

Action                     |  1- 3 |  4- 6 |  7- 9 || total
---------------------------+-------+-------+-------++-------
  Melee: Dagger            |   112 |    95 |    54 ||   261
         Bite              |    24 |    15 |    13 ||    52
         Punch             |     1 |     1 |     1 ||     3
   Cast: Ensorcelled Hiber |     4 |    20 |     9 ||    33
         Confusing Touch   |       |       |     2 ||     2
    Use: Scroll            |       |       |     5 ||     5
         Potion            |       |       |     1 ||     1
   Stab: Sleeping          |    15 |    18 |     8 ||    41
         Confused          |       |       |     2 ||     2
 Armour: Robe              |    67 |    37 |    37 ||   141
  Dodge: Dodged            |   105 |    48 |    63 ||   216

Table legend: (Time is in decaauts)
 A = Elapsed time spent in this place.
 B = Non-inter-level travel time spent in this place.
 C = Inter-level travel time spent in this place.
 D = Time resting spent in this place.
 E = Time spent auto-exploring this place.
 F = Levels seen in this place.
 G = Mean time per level.
                   A        B        C        D        E       F      G
               +--------+--------+--------+--------+--------+-----+--------+
         Total |   4279 |   4159 |    120 |      0 |   3323 |   7 |  611.3 |
       Dungeon |   4266 |   4151 |    115 |      0 |   3323 |   6 |  711.0 |
        Temple |     12 |      7 |      5 |      0 |      0 |   1 |   12.0 |
               +--------+--------+--------+--------+--------+-----+--------+

Top non-repeatable levels by time:
     D:3: 947 daAuts
     D:2: 825 daAuts
     D:5: 684 daAuts
     D:4: 637 daAuts
     D:1: 617 daAuts
     D:6: 553 daAuts
  Temple: 12 daAuts
